 Dungeon Crawl Stone Soup version 0.18.1-50-g88ac8fd (webtiles) character file.

3326 magog001 the Fighter (level 10, 0/85 HPs)
             Began as a Merfolk Fighter on Sept 15, 2017.
             Killed from afar by an anubis guard (11 damage)
             ... with a bolt of negative energy
             ... on level 8 of the Dungeon on Sept 16, 2017.
             The game lasted 01:03:26 (10251 turns).

magog001 the Fighter (Merfolk Fighter)             Turns: 10251, Time: 01:03:27

Health: 0/85       AC: 16    Str: 19    XL:     10   Next: 2%
Magic:  10/10      EV:  7    Int:  9    God:
Gold:   320        SH: 12    Dex: 15    Spells: 0 memorised, 9 levels left

rFire  . . .     SeeInvis +     E - +1 flail (protect)
rCold  + . .     Gourm    .     D - +2 scale mail {rC+}
rNeg   . . .     Faith    .     c - +2 shield
rPois  +         Spirit   .     A - +0 helmet (curse)
rElec  .         Dismiss  .     (no cloak)
rCorr  .         Reflect  .     (no gloves)
SustAt .         Harm     .     (no boots)
MR     .....                    (no amulet)
Stlth  ++........               w - ring of poison resistance
                                p - ring of stealth

@: drained, not resistant to hostile enchantments, unstealthy
A: change form in water, swift swim, claws 1, slimy green scales 1, thin
skeletal structure 1, see invisible
a: no special abilities


You were on level 8 of the Dungeon.
You were not hungry.

You visited 1 branch of the dungeon, and saw 8 of its levels.
You also visited: Ossuary.

You collected 428 gold pieces.
You spent 108 gold pieces at shops.

Inventory:

Hand Weapons
 a - a +0 war axe
 e - a +2 mace of draining
 g - a +0 spear
 E - a +1 flail of protection (weapon)
Missiles
 r - a javelin (quivered)
 s - 80 sling bullets
Armour
 c - a +2 shield (worn)
 A - a cursed +0 helmet (worn)
 D - a +2 scale mail of cold resistance (worn)
Jewellery
 i - an uncursed ring of see invisible
 p - a ring of stealth (left claw)
 w - a ring of poison resistance (right claw)
 y - a +6 ring of intelligence
Wands
 m - a wand of confusion (38/48)
 v - a wand of enslavement (13/24)
 x - a wand of polymorph (15/24)
 z - a wand of lightning (0/15)
Scrolls
 j - a scroll of amnesia
 k - 2 scrolls of magic mapping
 o - 2 scrolls of identify
 q - 6 scrolls of remove curse
 u - a scroll of fear
 C - a scroll of blinking {unknown}
Potions
 d - 2 potions of magic
 h - 2 potions of brilliance
 l - 2 potions of haste
 n - 3 potions of resistance
Comestibles
 b - 2 beef jerkies
 f - 3 bread rations


   Skills:
 + Level 10.1(8.9) Fighting
 - Level 1.5(2.0) Axes
 * Level 7.1(6.3) Polearms
 - Level 3.9(2.9) Armour
 + Level 9.0(7.8) Dodging
 - Level 1.0(0.1) Stealth
 - Level 5.2(4.1) Shields
 - Level 0.1(0.0) Spellcasting


You had 9 spell levels left.
You didn't know any spells.

Dungeon Overview and Level Annotations

Branches:
Dungeon (8/15)             Temple (0/1) D:5
   Lair: D:8-11

Altars:
Ashenzari
Cheibriados
Dithmenos
Makhleb
Okawaru
Ru
Trog
Xom
Zin
The Shining One

Shops:
D:4 *

Annotations:
D:4 Drakey's ghost, novice DsWn


Innate Abilities, Weirdness & Mutations

You revert to your normal form in water.
You are very nimble and swift while swimming.
You have sharp fingernails.
You are partially covered in slimy green scales (AC +2).
You have a somewhat thin skeletal structure (Dex +2, Stealth).
You have supernaturally acute eyesight.


Message History

The anubis guard is lightly wounded.
The anubis guard breathes negative energy at you.
The bolt of negative energy hits you!
You feel drained.
You barely miss the anubis guard.
The anubis guard is lightly wounded.
The anubis guard breathes negative energy at you.
The bolt of negative energy misses you.
You closely miss the anubis guard.
The anubis guard is lightly wounded.
The anubis guard hits you!
* * * LOW HITPOINT WARNING * * *
The anubis guard bites you!
* * * LOW HITPOINT WARNING * * *
The anubis guard hits you but does no damage.
The anubis guard closely misses you.
There is a stone staircase leading up here.
The anubis guard breathes negative energy at you.
Helpless, you fail to dodge the bolt of negative energy.
You feel drained.
You die...

#.# #..# #.# #.#
#..# #)# #.#
#..#####)## #.#
#.......).# #(#
#.######..# #.#
#.##......# #c#
#..#.###.## #H##
##.#.# #.# #.@#
#(#.# #.# ##.#
#.#.# #.# #>#
#(#.# #.# #.#
#(#.# #.# #.#
#.#.###.# #.#
#.#.....## #.#
#...).....
#.############..##
#.#≈≈≈≈≈#.......#


You could see a satyr and an anubis guard.

Vanquished Creatures
  Pikel (D:4)
  Grinder (D:6)
  A slime creature (D:8)
  2 humans (D:7)
  Edmund (D:8)
  Duvessa (D:5)
  A sky beast (D:7)
  An ice beast (D:8)
  2 ogres
  2 centaurs (D:6)
  A big kobold (D:8)
  3 giant frogs
  A water moccasin zombie (D:5)
  Dowan (D:5)
  A scorpion (D:8)
  A howler monkey (D:8)
  3 crimson imps
  2 centaur zombies
  A human zombie (Ossuary)
  A hound (D:8)
  4 orc priests
  2 centaur skeletons
  An iguana (D:6)
  2 orc wizards
  8 worker ants
  A hound zombie (D:5)
  A hound skeleton (D:6)
  2 mummies (Ossuary)
  A worker ant zombie (D:6)
  3 gnolls (D:3)
  12 adders
  An ooze (D:5)
  An adder skeleton (D:6)
  2 adder zombies
  6 worms
  A dart slug (D:2)
  5 giant geckos
  22 orcs
  3 ball pythons
  11 giant cockroaches
  8 goblins
  4 hobgoblins
  9 jackals
  15 kobolds
  4 quokkas
  9 bats
  5 giant newts
  2 goblin zombies (Ossuary)
  11 hobgoblin zombies (Ossuary)
  2 jackal zombies (Ossuary)
  11 kobold zombies (Ossuary)
  7 orc zombies (Ossuary)
  13 rats
217 creatures vanquished.

Vanquished Creatures (others)
  A centaur skeleton (D:4)
  A worker ant (D:4)
  An adder (D:4)
  A bat (D:4)
4 creatures vanquished.

Grand Total: 221 creatures vanquished

Notes
Turn   | Place    | Note
--------------------------------------------------------------
     0 | D:1      | magog001 the Merfolk Fighter began the quest for the Orb.
     0 | D:1      | Reached XP level 1. HP: 18/18 MP: 1/1
   304 | D:1      | Reached XP level 2. HP: 23/24 MP: 2/2
   983 | D:1      | Reached skill level 1 in Dodging
  1111 | D:2      | Reached skill level 4 in Fighting
  1111 | D:2      | Reached XP level 3. HP: 29/30 MP: 3/3
  1170 | D:2      | Found a glowing golden altar of the Shining One.
  1206 | D:2      | Found a faded altar to an unknown god.
  1507 | D:2      | Reached XP level 4. HP: 35/38 MP: 4/4
  1922 | D:2      | Found a shadowy altar of Dithmenos.
  2201 | D:3      | Reached XP level 5. HP: 10/43 MP: 5/5
  3362 | D:3      | Found a shattered altar of Ashenzari.
  3682 | D:3      | Reached XP level 6. HP: 48/50 MP: 6/6
  3870 | D:4      | Found a sacrificial altar of Ru.
  3871 | D:4      | Noticed Drakey's ghost (novice DsWn)
  4073 | D:4      | Noticed a slave
  4074 | D:4      | Noticed Pikel
  4076 | D:4      | Noticed a slave
  4076 | D:4      | Noticed a slave
  4077 | D:4      | Noticed a slave
  4093 | D:4      | Killed Pikel
  4093 | D:4      | Reached skill level 5 in Fighting
  4093 | D:4      | Reached XP level 7. HP: 50/56 MP: 7/7
  4291 | D:4      | Found Lkhlut's Luxury Loot.
  4307 | D:4      | Bought a wand of lightning (5/15) for 108 gold pieces
  4960 | D:3      | Reached skill level 1 in Stealth
  5345 | D:5      | Entered Level 5 of the Dungeon
  5430 | D:5      | Reached XP level 8. HP: 49/63 MP: 8/8
  5447 | D:5      | Noticed Dowan
  5448 | D:5      | Noticed Duvessa
  5488 | D:5      | Killed Duvessa
  5496 | D:5      | Killed Dowan
  5496 | D:5      | Reached skill level 5 in Shields
  5515 | D:5      | Reached skill level 6 in Fighting
  6106 | D:5      | Reached skill level 1 in Polearms
  6387 | D:5      | Found a staircase to the Ecumenical Temple.
  6707 | D:6      | Noticed Grinder
  6707 | D:6      | Paralysed by Grinder for 4 turns
  6732 | D:6      | Killed Grinder
  6732 | D:6      | Reached skill level 7 in Fighting
  6735 | D:6      | Found a snail-covered altar of Cheibriados.
  6737 | D:6      | Found a glowing silver altar of Zin.
  6745 | D:6      | Found a shimmering altar of Xom.
  7068 | D:6      | Found a shadowy altar of Dithmenos.
  7120 | D:6      | Reached XP level 9. HP: 74/74 MP: 9/9
  7178 | D:6      | Reached skill level 8 in Fighting
  7498 | D:7      | Gained mutation: You have a somewhat thin skeletal structure (Dex +2, Stealth). [mutagenic meat]
  7500 | D:7      | Gained mutation: You have sharp fingernails. [mutagenic meat]
  7501 | D:7      | Gained mutation: You are partially covered in slimy green scales (AC +2). [mutagenic meat]
  7502 | D:7      | Gained mutation: You have supernaturally acute eyesight. [mutagenic meat]
  7575 | D:7      | Found an iron altar of Okawaru.
  7595 | D:7      | Reached skill level 5 in Polearms
  7610 | D:7      | Reached skill level 9 in Fighting
  8348 | D:8      | Found a bloodstained altar of Trog.
  8453 | D:8      | Found a sand-covered staircase.
  8460 | Ossuary  | Entered an ossuary
  9223 | D:8      | Found a burning altar of Makhleb.
  9324 | D:8      | Noticed Edmund
  9357 | D:8      | Killed Edmund
  9357 | D:8      | Reached skill level 10 in Fighting
  9711 | D:8      | Reached XP level 10. HP: 67/85 MP: 10/10
  9841 | D:8      | HP: 4/85 [large slime creature (20)]
 10240 | D:8      | Noticed a satyr
 10240 | D:8      | a slime creature changed into a satyr
 10240 | D:8      | Noticed an anubis guard
 10240 | D:8      | a slime creature changed into an anubis guard
 10251 | D:8      | Killed from afar by an anubis guard

Skill      XL: |  1  2  3  4  5  6  7  8  9 |
---------------+----------------------------+-----
Dodging        | 1 3 6 7 9 |  9.0
Fighting       | 4 5 7 10 | 10.1
Shields        | 4 5 |  5.2
Armour         | 3 |  3.9
Stealth        | 1 |  1.0
Polearms       | 4 7 |  7.1
Axes           | |  1.5
Spellcasting   | |  0.1

Action                   |  1- 3 |  4- 6 |  7- 9 | 10-12 || total
-------------------------+-------+-------+-------+-------++-------
Melee: Mace              |    94 |   184 |   533 |       ||   811
       Flail             |       |       |    25 |    12 ||    37
Throw: Javelin           |       |       |     2 |     4 ||     6
Evoke: Wand              |       |       |     5 |     3 ||     8
  Use: Potion            |       |     1 |     7 |     2 ||    10
       Scroll            |       |     9 |     7 |       ||    16
 Stab: Paralysed         |       |     1 |       |       ||     1
       Sleeping          |       |       |     2 |       ||     2
       Distracted        |       |       |     1 |       ||     1
  Eat: Chunk             |     1 |     5 |    13 |       ||    19
       Meat ration       |       |     1 |     1 |       ||     2
       Beef jerky        |       |       |     1 |       ||     1
       Fruit             |       |       |     2 |       ||     2
       Bread ration      |       |       |     1 |       ||     1
       Pizza             |       |       |     1 |       ||     1
Armor: Scale mail        |    47 |    94 |   177 |     6 ||   324
Dodge: Dodged            |    36 |    80 |   251 |     8 ||   375
Block: Shield            |    61 |   116 |   389 |     3 ||   569
